AoeStats
← JPN-上原亞衣

African Clearing

510587599Analyzed
4v4 RM · 14h ago on Oct 1, 2026· 86m 39s· 8 players
Game mode
Random Map
Map size
Large (8 player)
Population
200
Speed
Normal
Resources
Standard
Victory
Conquest
Starting age
Dark Age
Ending age
Imperial Age
RankedLock teamsTeams togetherTeam positionsShared explorationLock speedFull tech treeHidden civsTurbo modeCheats
Victory
Defeat
🇨🇳 Slavs · China
1528
+16
🇹🇼 Mongols · Taiwan
1492
+18
🇬🇧 Huns · United Kingdom
1465
+19
🇦🇷 Maya · Argentina
1464
+19
🇹🇼 Varangians · Taiwan
1649
-22
🇹🇼 Mongols · Taiwan
1519
-18
🇹🇼 Maya · Taiwan
1515
-17
🇹🇼 Danes · Taiwan
1450
-15
虞小梅
3:59 Loom
12:58 Feudal Age
13:39 Double-Bit Axe
14:24 Stone Mining
15:23 Stone Mining
17:44 Castle Age
17:02 Fletching
18:48 Bow Saw
23:18 Fletching
25:09 Bodkin Arrow
27:27 Gold Mining
28:29 Padded Archer Armor
32:57 Ballistics
36:29 Wheelbarrow
38:55 Leather Archer Armor
44:07 Bloodlines
43:57 Husbandry
48:51 Imperial Age
47:00 Thumb Ring
47:18 Horse Collar
48:40 Hand Cart
49:42 Bracer
50:45 Chemistry
50:46 Conscription
51:58 Elite Mangudai
53:39 Parthian Tactics
54:29 Hoardings
55:09 Siege Engineers
54:53 Capped Ram
55:54 Siege Ram
61:59 Drill
63:41 Onager
65:51 Siege Onager
weaking
5:29 Loom
13:05 Feudal Age
21:48 Castle Age
28:18 Double-Bit Axe
45:30 Wheelbarrow
46:58 Sanctity
48:32 Horse Collar
55:07 Imperial Age
52:54 Fletching
53:39 Bodkin Arrow
53:34 Town Watch
54:20 Padded Archer Armor
59:59 Ballistics
71:15 Scale Mail Armor
71:32 Heavy Plow
72:53 Chain Mail Armor
72:48 Squires
72:11 Pikeman
74:45 Halberdier
77:02 Plate Mail Armor
76:42 Forging
79:09 Hand Cart
80:00 Iron Casting
79:28 Arson
81:40 Bracer
82:41 Blast Furnace
82:44 Town Patrol
83:16 Caravan
83:38 Elite Skirmisher
Alotta Fagina
13:16 Feudal Age
13:17 Loom
17:19 Castle Age
15:07 Double-Bit Axe
15:16 Loom
17:46 Castle Age
16:43 Horse Collar
17:58 Gold Mining
18:11 Fletching
19:02 Bow Saw
29:14 Forging
29:17 Town Watch
30:08 Wheelbarrow
31:23 Husbandry
33:12 Bodkin Arrow
33:59 Bloodlines
33:50 Husbandry
34:18 Heavy Plow
34:27 Scale Barding Armor
35:12 Scale Mail Armor
35:47 Iron Casting
35:36 Chain Barding Armor
39:29 Gold Shaft Mining
41:45 Imperial Age
41:14 Marauders
41:58 Iron Casting
41:40 Hand Cart
42:04 Stone Mining
41:45 Elite Tarkan
42:50 Conscription
44:13 Plate Barding Armor
44:50 Blast Furnace
44:12 Light Cavalry
45:35 Bracer
45:22 Hussar
50:41 Cavalier
52:49 Bracer
53:18 Ballistics
55:50 Padded Archer Armor
71:10 Paladin
77:43 Elite Skirmisher
79:27 Chemistry
78:44 Leather Archer Armor
86:39 Caravan
奥德修斯
10:01 Loom
12:14 Feudal Age
12:48 Double-Bit Axe
12:46 Horse Collar
20:56 Castle Age
19:18 Town Watch
19:40 Gold Mining
21:48 Bow Saw
22:14 Scale Barding Armor
23:15 Wheelbarrow
23:04 Husbandry
24:56 Devotion
25:23 Forging
27:40 Chain Barding Armor
28:33 Hand Cart
30:09 Gold Shaft Mining
30:00 Bloodlines
30:52 Town Patrol
33:32 Iron Casting
33:24 Heavy Plow
33:15 Stone Mining
38:17 Imperial Age
38:24 Cavalier
42:02 Conscription
43:17 Plate Barding Armor
46:38 Fletching
47:26 Bodkin Arrow
48:32 Padded Archer Armor
48:10 Light Cavalry
49:19 Hussar
51:04 Blast Furnace
51:25 Two-Man Saw
58:20 Hoardings
58:08 Murder Holes
58:53 Siege Engineers
59:12 Ballistics
64:11 Chemistry
69:58 Blast Furnace
71:26 Detinets
72:39 Scale Mail Armor
74:26 Chain Mail Armor
74:26 Leather Archer Armor
76:48 Plate Mail Armor
76:49 Ring Archer Armor
77:13 Coinage
76:44 Caravan
77:09 Elite Boyar
78:54 Masonry
79:45 Chemistry
79:02 Druzhina
80:51 Hoardings
79:47 Sappers
80:46 Caravan
81:17 Coinage
81:28 Guard Tower
81:48 Fortified Wall
83:27 Banking
85:19 Capped Ram
86:16 Siege Ram
JPN-上原亞衣
13:06 Feudal Age
14:46 Double-Bit Axe
17:13 Castle Age
15:39 Padded Archer Armor
16:58 Loom
19:10 Fletching
23:50 Horse Collar
25:08 Town Watch
27:38 Bodkin Arrow
32:32 Ballistics
33:16 Gold Mining
33:29 Town Watch
35:30 Wheelbarrow
40:48 Stone Mining
45:28 Treadmill Crane
49:09 Imperial Age
47:25 Leather Archer Armor
47:40 Hand Cart
48:10 Masonry
49:52 Bracer
50:57 Chemistry
50:47 Conscription
50:56 Conscription
50:59 Bow Saw
52:13 Ring Archer Armor
53:31 Architecture
52:38 Elite Plumed Archer
58:11 Hoardings
59:09 Forging
58:59 Scale Mail Armor
59:13 Heavy Plow
60:25 Iron Casting
59:59 Squires
59:45 Arson
59:21 Eagle Warrior
61:49 Coinage
61:23 Caravan
61:57 Pikeman
62:01 Elite Eagle Warrior
62:56 Chain Mail Armor
63:42 Blast Furnace
63:15 Holcans
64:10 Plate Mail Armor
64:42 Blast Furnace
65:29 Murder Holes
65:46 Pikeman
69:14 Thumb Ring
70:08 Elite Skirmisher
72:25 Crop Rotation
74:11 Two-Man Saw
73:11 Halberdier
82:42 Capped Ram
84:40 Banking
85:42 Siege Ram
kuim
9:53 Loom
12:36 Feudal Age
17:52 Castle Age
22:57 Town Watch
36:07 Wheelbarrow
35:27 Double-Bit Axe
39:14 Imperial Age
36:05 Elite Skirmisher
37:59 Horse Collar
39:57 Scale Mail Armor
40:07 Forging
40:53 Hand Cart
40:34 Fletching
41:02 Chain Mail Armor
42:18 Conscription
42:09 Hamask
44:46 Plate Mail Armor
47:33 Iron Casting
46:46 Arson
47:02 Squires
46:48 Gambesons
47:24 Elite Jomsviking
50:27 Fletching
50:38 Padded Archer Armor
76:34 Bow Saw
77:51 Pikeman
78:42 Halberdier
83:33 Blast Furnace
85:59 Caravan
TAG_Wayne
8:36 Loom
12:11 Feudal Age
12:49 Town Watch
12:56 Double-Bit Axe
17:15 Wheelbarrow
23:33 Castle Age
24:39 Fletching
25:34 Forging
26:08 Bow Saw
25:41 Horse Collar
32:14 Bloodlines
32:05 Husbandry
33:47 Hand Cart
34:19 Scale Barding Armor
34:56 Forging
36:23 Chain Barding Armor
37:09 Gold Mining
36:56 Vendel Legacy
40:05 Iron Casting
44:06 Ballistics
43:46 Bodkin Arrow
48:11 Imperial Age
48:11 Cavalier
49:27 Plate Barding Armor
49:43 Conscription
49:42 Town Patrol
49:42 Light Cavalry
51:51 Hussar
56:11 Blast Furnace
57:43 Bracer
60:21 Murder Holes
60:07 Treadmill Crane
61:40 Heavy Plow
66:28 Masonry
65:52 Capped Ram
66:46 Guilds
67:06 Siege Ram
68:39 Siege Engineers
70:16 Architecture
70:48 Chemistry
71:31 Crop Rotation
73:32 Coinage
73:52 Caravan
75:21 Pikeman
76:02 Squires
76:04 Scale Mail Armor
77:05 Arson
77:07 Gambesons
一胎佩斯-ZHE
5:47 Loom
12:42 Feudal Age
16:36 Castle Age
14:53 Double-Bit Axe
15:44 Fletching
15:44 Horse Collar
17:48 Bodkin Arrow
28:13 Wheelbarrow
27:53 Gold Mining
31:26 Stone Mining
34:24 Padded Archer Armor
37:00 Bow Saw
36:57 Heavy Plow
37:59 Ballistics
38:47 Husbandry
42:56 Imperial Age
40:37 Thumb Ring
40:55 Leather Archer Armor
41:54 Hand Cart
42:05 Town Watch
43:26 Stone Shaft Mining
43:28 Gold Shaft Mining
45:35 Chemistry
44:36 Bracer
58:44 Parthian Tactics
69:37 Elite Mangudai
73:27 Conscription
83:13 Murder Holes
86:21 Caravan
Connection lost

Rejoining the realm…

Still unreachable

The connection could not be restored.

Session expired

The server has moved on; the page needs a fresh start.